 Dungeon Crawl Stone Soup version 0.30-b1-2-g02819fbbbe (webtiles) character file.

Game seed: 10659304060070159228

24971 Fartwhistle the Skirmisher (level 13, -5/101 HPs)
             Began as a Gnoll Hunter on Sept 16, 2023.
             Was a Priest of the Shining One.
             Slain by a komodo dragon (23 damage)
             ... on level 3 of the Lair of Beasts.
             The game lasted 00:43:59 (17616 turns).

Fartwhistle the Skirmisher (Gnoll Hunter)          Turns: 17616, Time: 00:44:00

Health: -5/101     AC: 21    Str: 12    XL:     13   Next: 16%
Magic:  16/16      EV: 20    Int: 11    God:    the Shining One [***...]
Gold:   1612       SH:  0    Dex: 17    Spells: 25/28 levels left

rFire   + . .        F - +2 falchion (protect)
rCold   . . .        (no shield)
rNeg    + . .        Q - +5 ring mail of the Jabberwock {rElec MP-9 SInv}
rPois   .            n - +0 helmet
rElec   +            u - +0 cloak
rCorr   .            (no gloves)
SInv    +            (no boots)
Will    .....        (no amulet)
Stlth   ++           a - ring of protection from fire
HPRegen 0.36/turn    t - +5 ring of evasion
MPRegen 0.15/turn

%: no passive effects
@: under a protective aura, glowing
A: fangs 1, strong nose, distributed training
a: Renounce Religion, Divine Shield, Cleansing Flame


You were on level 3 of the Lair of Beasts.
You worshipped the Shining One.
The Shining One was most pleased with you.
You visited 3 branches of the dungeon, and saw 14 of its levels.
You also visited: Ossuary, Bailey and Volcano.

You collected 1664 gold pieces.
You spent 52 gold pieces at shops.

Inventory:

Hand Weapons
 i - a +1 hand crossbow of flaming
 w - a +3 whip of venom
 F - a +2 falchion of protection (weapon)
Missiles
 y - 5 silver javelins
 M - a throwing net
 V - 6 atropa-tipped darts
Armour
 n - a +0 helmet (worn)
 u - a +0 cloak (worn)
 C - a +3 ring mail of cold resistance
 Q - the +5 ring mail of the Jabberwock (worn) {rElec MP-9 SInv}
   (You found it on level 9 of the Dungeon)

   rElec:     It insulates you from electricity.
   MP:        It affects your magic capacity (-9).
   SInv:      It lets you see invisible.
 U - a +2 robe of cold resistance
 Y - a +2 leather armour of fire resistance
Jewellery
 a - a ring of protection from fire (left hand)
 f - an amulet of reflection
 l - a ring of willpower
 t - a +5 ring of evasion (right hand)
 D - a +6 ring of strength
 I - a +6 ring of dexterity
 P - a ring of willpower
 T - a ring of ice
Wands
 p - a wand of polymorph (5)
 q - a wand of roots (17)
 r - a wand of flame (49)
 O - a wand of paralysis (9)
 S - a wand of digging (4)
Scrolls
 b - 2 scrolls of immolation
 d - 12 scrolls of teleportation
 h - 3 scrolls of poison
 o - a scroll of enchant armour
 v - 2 scrolls of torment
 z - a scroll of amnesia
 E - 2 scrolls of enchant weapon
 G - 3 scrolls of fear
 J - a scroll of blinking {unknown}
 K - 7 scrolls of magic mapping {unknown}
 L - 3 scrolls of fog {unknown}
 W - a scroll of vulnerability
Potions
 c - a potion of cancellation
 e - 2 potions of haste
 g - 2 potions of invisibility
 j - 6 potions of heal wounds
 k - 6 potions of attraction
 m - 5 potions of curing
 s - 3 potions of magic
 x - 4 potions of mutation
 A - 5 potions of resistance
 B - 2 potions of might {unknown}
 H - a potion of brilliance {unknown}
 N - a potion of ambrosia {unknown}
 R - 2 potions of berserk rage {unknown}


   Skills:
 + Level 9.6 Fighting
 + Level 8.3 Short Blades
 + Level 8.3 Long Blades
 + Level 8.3 Axes
 + Level 8.3 Maces & Flails
 + Level 8.3 Polearms
 + Level 8.3 Staves
 + Level 11.8 Ranged Weapons
 + Level 8.3 Throwing
 + Level 8.3 Armour
 + Level 9.6 Dodging
 + Level 8.7 Stealth
 + Level 8.3 Shields
 + Level 8.3 Unarmed Combat
 + Level 8.3 Spellcasting
 + Level 6.9 Conjurations
 + Level 6.9 Hexes
 + Level 6.9 Summonings
 + Level 6.9 Necromancy
 + Level 6.9 Translocations
 + Level 6.9 Transmutations
 + Level 6.9 Fire Magic
 + Level 6.9 Ice Magic
 + Level 6.9 Air Magic
 + Level 6.9 Earth Magic
 + Level 6.9 Poison Magic
 + Level 9.1 Invocations
 + Level 8.3 Evocations


You had 25 spell levels left.
You knew the following spells:

 Your Spells              Type           Power      Damage    Failure   Level
a - Ozocubu's Armour      Ice            19%        N/A       5%          3

Your spell library contained the following spells:

 Spells                   Type           Power      Damage    Failure   Level
 Metabolic Englaciation   Hex/Ice        9%         N/A       43%         5
 Summon Forest            Summ/Tloc      9%         N/A       43%         5
 Conjure Ball Lightning   Conj/Air       9%         3x3d6     95%         6
 Eringya's Noxious Bog    Tmut/Pois      9%         N/A       95%         6
 Simulacrum               Ice/Necr       9%         N/A       95%         6
 Summon Hydra             Summ           9%         N/A       100%        7
 Discord                  Hex            9%         N/A       100%        8
 Disjunction              Tloc           9%         N/A       100%        8


Dungeon Overview and Level Annotations

Branches:
Dungeon (10/15)            Temple (1/1) D:6            Lair (3/5) D:8
  Swamp (0/4) Lair:2        Snake (0/4) Lair:3          Orc (0/2) D:10
Ossuary (visited)          Bailey (visited)         Volcano (visited)

Altars:
Ashenzari
Cheibriados
Dithmenos
Elyvilon
Fedhas
Hepliaklqana
Kikubaaqudgha
Makhleb
Nemelex Xobeh
Okawaru
Qazlal
Ru
Sif Muna
Trog
Uskayaw
Vehumet
Wu Jian
Xom
Yredelemnul
Zin
The Shining One

Shops:
D:4 *   D:9 ?   D:10 *

Annotations:
D:8 exclusion: downstairs
Lair:3 Gastronok


Innate Abilities, Weirdness & Mutations

You have very sharp teeth.
Your uncanny sense of smell can sniff out nearby items.
Your experience applies equally to all skills.


Message History

The komodo dragon closely misses you.
Your +1 hand crossbow of flaming stops flaming.
Your +2 falchion of protection hums with potential!
F - a +2 falchion of protection (weapon)
The komodo dragon bites you.
You hit the komodo dragon but do no damage.
Your weapon exudes an aura of protection.
The komodo dragon is heavily wounded.
The komodo dragon bites you!
You are too injured to fight recklessly!
You are too injured to fight recklessly!
Unknown command.
You hit the komodo dragon.
The komodo dragon is heavily wounded.
The komodo dragon bites you.
You hit the komodo dragon. Your punch misses the komodo dragon.
The komodo dragon is heavily wounded.
The komodo dragon misses you.
You hit the komodo dragon.
The komodo dragon is heavily wounded.
You slash the komodo dragon!
The komodo dragon is almost dead.
The komodo dragon bites you but does no damage.
You slash the komodo dragon!
You kill the komodo dragon!
You hit the komodo dragon.
The komodo dragon is moderately wounded.
The komodo dragon bites you but does no damage.
You hit the komodo dragon. You bite the komodo dragon.
The komodo dragon is heavily wounded.
The komodo dragon misses you.
You hit the komodo dragon but do no damage.
The komodo dragon is heavily wounded.
The komodo dragon bites you!!
* * * LOW HITPOINT WARNING * * *
You hit the komodo dragon but do no damage.
You bite the komodo dragon, but do no damage.
The komodo dragon is heavily wounded.
The komodo dragon bites you!!
You die...

...##...... #....... #.....# ∆
#..# ##..# #.#.# ... ###..##
...### #.#l..# #..#..P ## .(..P.
#.@##.#∆##.#...##.# ..>..
###...###.......... ...##
#....#.....#..#... ~
#..####......#P.PP..#... .~.~~~.
#.......................
....~~.###P......................
>...~~.......#....#.P.#........>.
...P~~......##P#.#####.....#.†...
..~~~~..##..###### ###...###...


You could see a komodo dragon.

Vanquished Creatures
  Fannar (D:10)
  A centaur warrior (D:9)
  A boulder beetle (Lair:2)
  3 two-headed ogres
  A skeletal warrior (Volcano)
  A skyshark (Lair:3)
  A bog body (Lair:2)
  Pikel (D:6)
  A wizard (D:9)
  A deep elf pyromancer (D:9)
  A cyclops (D:9)
  A torpor snail (D:8)
  A black mamba (Lair:3)
  5 gargoyles (Volcano)
  Maggie (Lair:1)
  Joseph (D:7)
  5 cane toads
  A kobold demonologist (D:8)
  A rime drake (Lair:2)
  2 komodo dragons
  3 trolls (D:10)
  Grinder (D:3)
  8 blink frogs
  2 harpy skeletons (Volcano)
  3 dream sheep (D:8)
  3 flying skulls (Volcano)
  2 shadows (D:10)
  A wyvern (D:8)
  An alligator skeleton (Volcano)
  5 yaks (D:10)
  Grum (Lair:1)
  Eustachio (D:6)
  A basilisk (Lair:1)
  2 steam dragons
  Menkaure (D:5)
  Edmund (D:5)
  A warg (D:10)
  3 nagas (Lair:3)
  Duvessa (D:6)
  3 water moccasins
  3 sky beasts
  4 black bears
  2 orc warriors
  2 ice beasts
  An ogre (D:5)
  12 wolves
  2 centaurs
  4 lemures
  3 phantoms
  Blork the orc (D:6)
  A kobold brigand (D:8)
  9 bullfrogs
  A scorpion (D:6)
  2 elf skeletons (D:5)
  11 wights
  Dowan (D:6)
  3 troll skeletons (Volcano)
  4 howler monkeys
  An electric eel (D:6)
  2 jellies
  3 hounds
  8 orc priests
  2 gnoll boudas
  5 iguanas
  A sleepcap (D:5)
  11 orc wizards
  3 naga skeletons (Volcano)
  8 mummies (Ossuary)
  Robin (D:3)
  11 gnolls
  5 adders
  A shadow imp (D:7)
  3 worms
  2 dart slugs (D:2)
  29 orcs
  7 endoplasms
  6 giant cockroaches
  3 gnoll zombies (Ossuary)
  17 goblins
  9 hobgoblins
  4 jackals (D:3)
  2 quokkas (D:1)
  6 ball pythons
  4 bats
  3 frilled lizards (D:2)
  2 hobgoblin zombies (Ossuary)
  12 kobolds
  A kobold zombie (Ossuary)
  An orc skeleton (D:5)
  5 orc zombies
  6 rats
325 creatures vanquished.

Vanquished Creatures (collateral kills)
  A skeletal warrior (Volcano)
  A harpy skeleton (Volcano)
  A spriggan skeleton (Volcano)
3 creatures vanquished.

Vanquished Creatures (others)
  11 fungi
  12 plants
23 creatures vanquished.

Grand Total: 351 creatures vanquished

Notes
Turn   | Place    | Note
-------+----------+-------------------------------------------
     0 | D:1      | Fartwhistle the Gnoll Hunter began the quest for the Orb.
     0 | D:1      | Reached XP level 1. HP: 20/20 MP: 1/1
    68 | D:1      | Reached XP level 2. HP: 26/26 MP: 2/2
   349 | D:1      | Reached XP level 3. HP: 31/31 MP: 3/3
   961 | D:2      | Reached skill level 1 in Invocations
  1000 | D:2      | Reached skill level 1 in Short Blades
  1000 | D:2      | Reached skill level 1 in Long Blades
  1000 | D:2      | Reached skill level 1 in Axes
  1000 | D:2      | Reached skill level 1 in Maces & Flails
  1000 | D:2      | Reached skill level 1 in Polearms
  1000 | D:2      | Reached skill level 1 in Staves
  1000 | D:2      | Reached skill level 1 in Throwing
  1000 | D:2      | Reached skill level 1 in Armour
  1000 | D:2      | Reached skill level 1 in Shields
  1000 | D:2      | Reached skill level 1 in Unarmed Combat
  1000 | D:2      | Reached skill level 1 in Spellcasting
  1000 | D:2      | Reached skill level 1 in Evocations
  1370 | D:2      | Reached XP level 4. HP: 38/38 MP: 5/5
  1676 | D:3      | Reached skill level 1 in Conjurations
  1676 | D:3      | Reached skill level 1 in Hexes
  1676 | D:3      | Reached skill level 1 in Summonings
  1676 | D:3      | Reached skill level 1 in Necromancy
  1676 | D:3      | Reached skill level 1 in Translocations
  1676 | D:3      | Reached skill level 1 in Transmutations
  1676 | D:3      | Reached skill level 1 in Fire Magic
  1676 | D:3      | Reached skill level 1 in Ice Magic
  1676 | D:3      | Reached skill level 1 in Air Magic
  1676 | D:3      | Reached skill level 1 in Earth Magic
  1676 | D:3      | Reached skill level 1 in Poison Magic
  2078 | D:3      | Noticed Robin
  2083 | D:3      | Killed Robin
  2084 | D:3      | Reached XP level 5. HP: 35/43 MP: 5/7
  2158 | D:3      | Noticed Grinder
  2172 | D:3      | Killed Grinder
  2173 | D:3      | Reached skill level 5 in Fighting
  2173 | D:3      | Reached skill level 5 in Dodging
  2173 | D:3      | Reached XP level 6. HP: 35/51 MP: 7/9
  2572 | D:4      | Found a hide-covered altar of Uskayaw.
  2574 | D:4      | Found a shimmering blue altar of Sif Muna.
  2576 | D:4      | Found a sacrificial altar of Ru.
  2673 | D:4      | Identified the +1 robe of Lifelessness {Dex+2}
  2833 | D:4      | Found Esyufyf's Assorted Antiques.
  3261 | D:4      | Bought a smoky black potion for 26 gold pieces
  3261 | D:4      | Bought a smoky grey potion for 26 gold pieces
  3276 | D:5      | Entered Level 5 of the Dungeon
  3390 | D:5      | Reached XP level 7. HP: 48/56 MP: 10/10
  3392 | D:5      | Found a radiant altar of Vehumet.
  3498 | D:5      | Reached skill level 9 in Ranged Weapons
  3507 | D:5      | Found a sand-covered staircase.
  3520 | Ossuary  | Entered an ossuary
  3948 | D:5      | Reached XP level 8. HP: 60/63 MP: 12/12
  3966 | D:5      | Noticed Menkaure
  3981 | D:5      | Killed Menkaure
  4256 | D:5      | Noticed Edmund
  4313 | D:5      | Killed Edmund
  4707 | D:5      | Identified the +0 long sword of Defiance {freeze, rElec}
  5516 | D:6      | Noticed Eustachio
  5538 | D:6      | Killed Eustachio
  5582 | D:6      | Reached XP level 9. HP: 69/69 MP: 14/14
  5609 | D:6      | Noticed Blork the orc
  5617 | D:6      | Noticed Duvessa
  5617 | D:6      | Noticed Dowan
  5690 | D:6      | Killed Duvessa
  5795 | D:6      | Killed Dowan
  5961 | D:6      | Found a staircase to the Ecumenical Temple.
  5972 | Temple   | Entered the Ecumenical Temple
  6080 | D:6      | Noticed Pikel
  6128 | Temple   | Became a worshipper of the Shining One
  6191 | D:6      | Killed Pikel
  6192 | D:6      | Reached skill level 5 in Stealth
  6588 | D:6      | Killed Blork the orc
  6608 | D:6      | Reached skill level 5 in Invocations
  6883 | D:7      | Noticed Joseph
  6896 | D:7      | Killed Joseph
  7095 | D:7      | Found a flagged portal.
  7229 | Bailey   | Entered a bailey
  7257 | D:7      | HP: 2/71 [orc warrior/+0 glaive (4)]
  7450 | D:7      | Reached skill level 5 in Short Blades
  7450 | D:7      | Reached skill level 5 in Long Blades
  7450 | D:7      | Reached skill level 5 in Axes
  7450 | D:7      | Reached skill level 5 in Maces & Flails
  7450 | D:7      | Reached skill level 5 in Polearms
  7450 | D:7      | Reached skill level 5 in Staves
  7450 | D:7      | Reached skill level 5 in Throwing
  7450 | D:7      | Reached skill level 5 in Armour
  7450 | D:7      | Reached skill level 5 in Shields
  7450 | D:7      | Reached skill level 5 in Unarmed Combat
  7450 | D:7      | Reached skill level 5 in Spellcasting
  7450 | D:7      | Reached skill level 5 in Evocations
  7450 | D:7      | Reached XP level 10. HP: 77/77 MP: 17/17
  7620 | D:7      | Reached skill level 10 in Ranged Weapons
  8404 | D:8      | Found a bloodstained altar of Trog.
  8486 | D:8      | Noticed a two-headed ogre
  8617 | D:8      | Found a burning altar of Makhleb.
  8617 | D:8      | Found a sparkling altar of Nemelex Xobeh.
  8649 | D:8      | Reached * piety under the Shining One
  9292 | D:8      | Found a staircase to the Lair.
  9334 | D:8      | Killed a two-headed ogre
  9447 | D:9      | Noticed a kobold demonologist
  9447 | D:9      | Noticed a two-headed ogre
  9473 | D:9      | Noticed a cyclops
  9529 | D:8      | Killed a two-headed ogre
  9569 | D:8      | Reached skill level 5 in Conjurations
  9569 | D:8      | Reached skill level 5 in Hexes
  9569 | D:8      | Reached skill level 5 in Summonings
  9569 | D:8      | Reached skill level 5 in Necromancy
  9569 | D:8      | Reached skill level 5 in Translocations
  9569 | D:8      | Reached skill level 5 in Transmutations
  9569 | D:8      | Reached skill level 5 in Fire Magic
  9569 | D:8      | Reached skill level 5 in Ice Magic
  9569 | D:8      | Reached skill level 5 in Air Magic
  9569 | D:8      | Reached skill level 5 in Earth Magic
  9569 | D:8      | Reached skill level 5 in Poison Magic
  9569 | D:8      | Reached XP level 11. HP: 52/85 MP: 20/20
  9639 | D:9      | Killed a cyclops
  9895 | D:9      | Learned a level 3 spell: Ozocubu's Armour
  9897 | D:9      | Noticed a centaur warrior
  9922 | D:9      | Killed a centaur warrior
 10233 | D:9      | Noticed a wizard
 10233 | D:9      | Reached ** piety under the Shining One
 10251 | D:9      | Killed a wizard
 10309 | D:9      | Identified the +5 ring mail of the Jabberwock {rElec MP-9
                  | SInv}
 10314 | D:9      | Found Duptogoo's Magic Scroll Boutique.
 10372 | D:9      | Identified the +0 leather armour "Baownefua" {Stlth+}
 10491 | D:9      | Found a stormy altar of Qazlal.
 10562 | D:9      | Noticed a deep elf pyromancer
 10583 | D:9      | Killed a deep elf pyromancer
 10930 | D:10     | Entered Level 10 of the Dungeon
 10930 | D:10     | Found Ymnefia's Assorted Antiques.
 11059 | D:10     | Noticed Fannar
 11105 | D:10     | Killed Fannar
 11378 | D:10     | Found a staircase to the Orcish Mines.
 11879 | D:10     | Noticed a two-headed ogre
 11887 | D:10     | Killed a two-headed ogre
 11994 | D:10     | Reached skill level 11 in Ranged Weapons
 12720 | Lair:1   | Entered Level 1 of the Lair of Beasts
 12720 | Lair:1   | Noticed Maggie
 12814 | D:8      | Reached XP level 12. HP: 78/94 MP: 22/22
 13253 | Lair:1   | Killed Maggie
 13863 | Lair:1   | Noticed Grum
 13966 | Lair:1   | Reached *** piety under the Shining One
 14392 | Lair:1   | Killed Grum
 14715 | Lair:2   | Found a staircase to the Swamp.
 14870 | Lair:2   | Found a dark tunnel.
 14948 | Volcano  | Entered a volcano
 16441 | Lair:2   | Noticed a boulder beetle
 16483 | Lair:2   | Killed a boulder beetle
 16484 | Lair:2   | Reached XP level 13. HP: 64/101 MP: 16/25
 17112 | Lair:2   | Identified a scroll of acquirement
 17113 | Lair:2   | Acquired 428 gold pieces
 17210 | Lair:3   | Noticed Gastronok
 17566 | Lair:3   | Found a staircase to the Snake Pit.
 17616 | Lair:3   | Slain by a komodo dragon

Illustrated notes

Levels and vault maps discovered:
D:1:      saegor_arrival_fortress, layout_basic, dreamdust_wishing_well,
          serial_park_tiny_pond, minmay_bisected
D:2:      layout_loops_corners, minmay_pentomino_u2
D:3:      minmay_wonky_spiral, layout_basic, minmay_misc_feat_tiny, uniq_robin,
          uniq_grinder
D:4:      layout_basic, grunt_temple_overflow_open, serial_shops,
          kennysheep_mini
D:5:      nicolae_cairo_tiling, layout_layer_cave, vehumet_crystals,
          nicolae_ossuary_entry_catacombs, uniq_menkaure, uniq_edmund
D:6:      layout_basic, minmay_temple_entry_overgrown,
          amcnicky_mini_rare_corridor_liquid, serial_bayou_pond_e,
          kennysheep_opposing_triangles, uniq_eustachio, uniq_blork_the_orc,
          uniq_pikel, uniq_duvessa
D:7:      layout_loops_cross, enter_bailey_7, uniq_joseph
D:8:      kennysheep_blocky_hall, layout_rooms, jmf_multi_god_temple,
          trog_ov_bears_minmay, lair_entry_dummy
D:9:      layout_cave_pools, grunt_qazlal_sundering, serial_shops,
          nicolae_take_the_stairs, minmay_radiant
D:10:     layout_stronghold, erik_orc_4, serial_shops, nicolae_shop_waterfront,
          uniq_fannar
Temple:   nicolae_temple_superstar
Lair:1:   layout_small_grid, chequers_serial_rivers_small_3, uniq_grum,
          uniq_maggie
Lair:2:   layout_roguey, skrybe_swamp_entry_bodies, enter_volcano_1,
          lemuel_fruit_fields
Lair:3:   layout_cave_pods, guppyfry_snake_entry_island, beast_lair_carwin_9,
          uniq_gastronok

Skill      XL: |  1  2  3  4  5  6  7  8  9 10 11 12 13 |
---------------+----------------------------------------+-----
Invocations    | 1 2 3 4 5 6 7 8 9 |  9.1
Short Blades   | 1 2 3 5 6 7 8 |  8.3
Long Blades    | 1 2 3 5 6 7 8 |  8.3
Axes           | 1 2 3 5 6 7 8 |  8.3
Maces & Flails | 1 2 3 5 6 7 8 |  8.3
Polearms       | 1 2 3 5 6 7 8 |  8.3
Staves         | 1 2 3 5 6 7 8 |  8.3
Throwing       | 1 2 3 5 6 7 8 |  8.3
Armour         | 1 2 3 5 6 7 8 |  8.3
Shields        | 1 2 3 5 6 7 8 |  8.3
Unarmed Combat | 1 2 3 5 6 7 8 |  8.3
Spellcasting   | 1 2 3 5 6 7 8 |  8.3
Evocations     | 1 2 3 5 6 7 8 |  8.3
Conjurations   | 1 2 3 4 5 6 |  6.9
Hexes          | 1 2 3 4 5 6 |  6.9
Summonings     | 1 2 3 4 5 6 |  6.9
Necromancy     | 1 2 3 4 5 6 |  6.9
Translocations | 1 2 3 4 5 6 |  6.9
Transmutations | 1 2 3 4 5 6 |  6.9
Fire Magic     | 1 2 3 4 5 6 |  6.9
Ice Magic      | 1 2 3 4 5 6 |  6.9
Air Magic      | 1 2 3 4 5 6 |  6.9
Earth Magic    | 1 2 3 4 5 6 |  6.9
Poison Magic   | 1 2 3 4 5 6 |  6.9
Fighting       | 5 6 7 8 9 |  9.6
Dodging        | 5 6 7 8 9 |  9.6
Stealth        | 3 4 5 6 7 8 |  8.7
Ranged Weapons | 9 10 11 | 11.8

Action                     |  1- 3 |  4- 6 |  7- 9 | 10-12 | 13-15 || total
---------------------------+-------+-------+-------+-------+-------++-------
  Melee: Whip              |       |     3 |   109 |   269 |       ||   381
         Bite              |       |       |    20 |   102 |     2 ||   124
         Punch             |       |       |     4 |    41 |       ||    45
         Falchion          |       |       |    52 |   205 |    10 ||   267
   Fire: Shortbow          |    82 |    18 |       |       |       ||   100
         Sling             |       |   120 |   335 |   562 |       ||  1017
         Hand crossbow     |       |       |       |    37 |    51 ||    88
   Cast: Ozocubu's Armour  |       |       |       |     2 |       ||     2
 Invoke: Divine Shield     |       |       |       |     4 |       ||     4
         Cleansing Flame   |       |       |       |     4 |       ||     4
  Evoke: Wand              |       |       |       |     8 |       ||     8
    Use: Scroll            |       |     4 |     3 |    11 |     2 ||    20
         Potion            |       |       |     2 |     3 |       ||     5
 Armour: Leather armour    |     3 |     1 |       |       |       ||     4
         Robe              |       |     1 |     9 |     9 |       ||    19
         Ring mail         |       |       |    40 |   148 |     8 ||   196
  Dodge: Dodged            |     8 |    23 |   220 |   625 |    30 ||   906
  Block: Other             |       |       |       |    22 |       ||    22
